 Dungeon Crawl Stone Soup version 0.30.0-15-g856e2d3f33 (webtiles) character file.

Game seed: 1784708354494495004

4412 Pimp the Shooter (level 10, -26/72 HPs)
             Began as a Demonspawn Hunter on May 18, 2023.
             Was an Elder of Hepliaklqana.
             Killed from afar by a deep elf pyromancer (34 damage)
             ... with a bolt of fire
             ... on level 9 of the Dungeon.
             The game lasted 00:13:04 (7591 turns).

Pimp the Shooter (Demonspawn Hunter)                Turns: 7591, Time: 00:13:05

Health: -26/72     AC:  9    Str: 16    XL:     10   Next: 14%
Magic:  10/10      EV: 18    Int:  9    God:    Hepliaklqana [****..]
Gold:   531        SH:  0    Dex: 26    Spells: 9/9 levels left

rFire   . . .        a - +3 shortbow
rCold   + + .        (shield currently unavailable)
rNeg    . . .        f - +2 leather armour {rC+}
rPois   .            (helmet restricted)
rElec   .            u - +1 cloak
rCorr   .            (no gloves)
SInv    .            (no boots)
Will    .....        (no amulet)
Stlth   ++++         k - ring of protection from cold
HPRegen 0.32/turn    w - +6 ring of dexterity
MPRegen 0.12/turn

%: no passive effects
@: mighty
A: reduced essence, antennae 2, yellow scales 1, powered by pain 1, condensation
shield, mutation resistance 1, strong 1
a: Renounce Religion, Recall Ancestor, Ancestor Identity, Transference, Idealise


You were on level 9 of the Dungeon.
You worshipped Hepliaklqana.
Hepliaklqana was greatly pleased with you.
You visited 1 branch of the dungeon, and saw 9 of its levels.

You collected 531 gold pieces.

Inventory:

Hand Weapons
 a - a +3 shortbow (weapon)
Armour
 c - a +0 leather armour
 e - +0 steam dragon scales
 f - a +2 leather armour of cold resistance (worn)
 u - a +1 cloak (worn)
Jewellery
 k - a ring of protection from cold (left hand)
 m - a ring of magical power
 w - a +6 ring of dexterity (right hand)
Wands
 j - a wand of iceblast (13)
 p - a wand of flame (59)
 r - a wand of paralysis (7)
Scrolls
 b - 2 scrolls of immolation
 d - 5 scrolls of teleportation
Potions
 g - 4 potions of mutation
 h - a potion of heal wounds
 i - 3 potions of cancellation
 l - a potion of lignification {unknown}
 q - a potion of attraction {unknown}
 s - 2 potions of flight
 t - 2 potions of degeneration
 v - a potion of berserk rage {unknown}


   Skills:
 + Level 7.7 Fighting
 + Level 7.7 Ranged Weapons
 + Level 7.0 Dodging
 + Level 7.4 Stealth


You had 9 spell levels left.
You didn't know any spells.
Your spell library contained the following spells:

 Spells                   Type           Power      Damage    Failure   Level
 Summon Small Mammal      Summ           0%         N/A       45%         1
 Cigotuvi's Dreadful Rot  Necr/Pois/Air  0%         N/A       58%         2
 Poisonous Vapours        Pois/Air       0%         N/A       58%         2
 Call Canine Familiar     Summ           0%         N/A       83%         3
 Ignite Poison            Fire/Tmut/Pois 0%         N/A       83%         3
 Mephitic Cloud           Conj/Pois/Air  0%         N/A       83%         3
 Summon Guardian Golem    Hex/Summ       0%         N/A       83%         3
 Vhi's Electric Charge    Tloc/Air       0%         N/A       83%         3
 Petrify                  Tmut/Erth      0%         N/A       99%         4
 Arcjolt                  Conj/Air       0%         1d10      100%        5
 Freezing Cloud           Conj/Ice/Air   0%         6-21      100%        5
 Metabolic Englaciation   Hex/Ice        0%         N/A       100%        5
 Statue Form              Tmut/Erth      0%         N/A       100%        6
 Maxwell's Capacitive Co  Air            0%         ∞         100%        8


Dungeon Overview and Level Annotations

Branches:
Dungeon (9/15)             Temple (0/1) D:4
   Lair: D:8-11         Orc: D:9-12

Altars:
Ashenzari
Hepliaklqana
Nemelex Xobeh
Qazlal
Sif Muna
Trog
Uskayaw
Xom

Shops:
D:3 !


Innate Abilities, Weirdness & Mutations

Your life essence is reduced to manifest your ancestor. (-10% HP)
You have a pair of antennae on your head.
You are partially covered in yellow scales. (AC +2)
You sometimes gain a little power by taking damage.
A meltable shield of frost defends you. (SH +0)
You are somewhat resistant to further mutation.
Your muscles are strong. (Str +4, Int/Dex -1)


Message History

The fire elemental closely misses you.
You shoot an arrow. The arrow hits the fire elemental!
You destroy the fire elemental!
The fire elemental disappears in a puff of smoke!
Figgon hits the steam dragon with a +0 flail!
The steam dragon dies!
The steam dragon scales are intact enough to wear.
You swap places.
Things that are here:
+0 steam dragon scales; a steam dragon corpse e - +0 steam dragon scales The fire elemental hits you.
The fire elemental burns you!
You swap places.
Something hits Figgon.
Something burns Figgon!
Figgon resists.
You see here a wyvern corpse.
A four-headed hydra comes into view.
You shoot an arrow. Figgon avoids your attack.
The arrow hits the deep elf pyromancer.
The deep elf pyromancer is lightly wounded.
Figgon hits the deep elf pyromancer with a +0 flail!
The deep elf pyromancer hits Figgon with a +0 rapier.
You shoot an arrow. Figgon avoids your attack.
The arrow barely misses the deep elf pyromancer.
The deep elf pyromancer casts a spell at you.
The bolt of fire hits Figgon!
Figgon resists.
The bolt of fire hits you!!!
Ouch! That really hurt!
* * * LOW HITPOINT WARNING * * *
You focus on the pain.
You feel very mighty all of a sudden.
Figgon barely misses the deep elf pyromancer.
The deep elf pyromancer hits Figgon with a +0 rapier.
Figgon hits the deep elf pyromancer with a +0 flail!
The deep elf pyromancer hits Figgon but does no damage.
The deep elf pyromancer points at Figgon and mumbles some strange words.
The bolt of fire hits Figgon.
Figgon resists.
The bolt of fire hits you!!
You die...

#.#.#÷#.#○.
#...#.#e#.#
#..#.#.#.#
#..e#†#{#{ #..R#.#.#
##..#.#{# #..#.#.# #
#..#.#..{ { #
#)@#.### # ##..#.{
#######
#...########........
#...................
#.###...............
#.###.....##.####...
#.....###...........
###.### ##.#######
#.# .#######


You could see the friendly Figgon the knight and a deep elf pyromancer
(distracted, ally target).

Vanquished Creatures
  An ugly thing (D:8)
  A wraith (D:9)
  Eustachio (D:6)
  A steam dragon (D:8)
  2 water moccasins (D:7)
  An orc warrior (D:8)
  An ogre (D:6)
  A centaur (D:6)
  2 kobold brigands (D:8)
  2 bullfrogs
  2 scorpions
  A gnoll sergeant (D:8)
  Dowan (D:6)
  3 howler monkeys
  An orc priest (D:6)
  2 jellies (D:7)
  Crazy Yiuf (D:6)
  3 hounds
  5 iguanas
  4 orc wizards
  7 gnolls (D:8)
  12 adders
  A shadow imp (D:8)
  A white imp (D:7)
  A worm (D:2)
  4 dart slugs
  15 orcs
  6 bats
  5 endoplasms
  4 giant cockroaches
  3 goblins
  11 hobgoblins
  2 quokkas (D:5)
  7 ball pythons
  4 frilled lizards
  17 kobolds
  6 rats
142 creatures vanquished.

Vanquished Creatures (collateral kills)
  A troll (D:9)
  A shadow (D:9)
  A wyvern (D:9)
  A steam dragon (D:9)
  A water moccasin (D:7)
  Duvessa (D:6)
  A black bear (D:7)
  An orc warrior (D:8)
  A sky beast (D:7)
  An ogre (D:4)
  A phantom (D:6)
  A bullfrog (D:6)
  3 scorpions (D:6)
  A howler monkey (D:7)
  A hound (D:6)
  A gnoll bouda (D:8)
  2 iguanas (D:5)
  A sleepcap (D:6)
  3 orc wizards
  2 gnolls (D:8)
  An adder (D:6)
  A shadow imp (D:4)
  A worm (D:3)
  3 orcs
  A goblin (D:4)
  2 hobgoblins (D:4)
35 creatures vanquished.

Grand Total: 177 creatures vanquished

Notes
Turn   | Place    | Note
-------+----------+-------------------------------------------
     0 | D:1      | Pimp the Demonspawn Hunter began the quest for the Orb.
     0 | D:1      | Reached XP level 1. HP: 16/16 MP: 1/1
    76 | D:1      | Reached skill level 1 in Stealth
   186 | D:1      | Gained mutation: You have a pair of small antennae on your
                  | head. [demonic ancestry]
   186 | D:1      | Reached XP level 2. HP: 22/22 MP: 2/2
   619 | D:2      | Found a hazy altar of Hepliaklqana.
   670 | D:2      | Became a worshipper of Hepliaklqana the Forgotten
   718 | D:2      | Gained mutation: You sometimes gain a little power by
                  | taking damage. [demonic ancestry]
   718 | D:2      | Reached XP level 3. HP: 28/28 MP: 3/3
   927 | D:2      | Gained mutation: You have a pair of antennae on your head.
                  | [demonic ancestry]
   927 | D:2      | Reached XP level 4. HP: 27/34 MP: 4/4
  1359 | D:3      | Reached * piety under Hepliaklqana
  1653 | D:3      | Found a shimmering altar of Xom.
  1728 | D:3      | Found a shimmering altar of Xom.
  1728 | D:3      | Found a shimmering altar of Xom.
  1728 | D:3      | Found a shimmering altar of Xom.
  1729 | D:3      | Found a shimmering altar of Xom.
  1729 | D:3      | Found a shimmering altar of Xom.
  1886 | D:3      | Reached XP level 5. HP: 36/36 MP: 5/5
  2034 | D:3      | Found Rihics's Distillery.
  2171 | D:4      | Reached ** piety under Hepliaklqana
  2172 | D:4      | Remembered your ancestor Figgon as a knight
  2425 | D:4      | Found a staircase to the Ecumenical Temple.
  2476 | D:4      | Noticed an ogre
  2481 | D:4      | Killed an ogre
  2564 | D:4      | Gained mutation: A meltable shield of frost defends you.
                  | (SH +0) [demonic ancestry]
  2564 | D:4      | Reached XP level 6. HP: 37/42 MP: 6/6
  3056 | D:5      | Entered Level 5 of the Dungeon
  3295 | D:5      | Found a stormy altar of Qazlal.
  3300 | D:5      | Reached XP level 7. HP: 48/48 MP: 7/7
  3320 | D:5      | Found a hide-covered altar of Uskayaw.
  3391 | D:5      | Reached skill level 5 in Ranged Weapons
  3455 | D:5      | Found a shimmering blue altar of Sif Muna.
  3456 | D:5      | Found a bloodstained altar of Trog.
  3457 | D:5      | Found a sparkling altar of Nemelex Xobeh.
  3502 | D:5      | Reached *** piety under Hepliaklqana
  3512 | D:5      | Found a broken altar of Ashenzari.
  3730 | D:6      | Noticed Eustachio
  4265 | D:6      | Killed Eustachio
  4266 | D:6      | Reached skill level 5 in Fighting
  4266 | D:6      | Reached XP level 8. HP: 16/55 MP: 8/8
  4585 | D:6      | Found a runed translucent door.
  4586 | D:6      | Noticed Crazy Yiuf
  4680 | D:6      | Reached skill level 5 in Stealth
  4682 | D:6      | Reached skill level 5 in Dodging
  4771 | D:6      | Noticed Duvessa
  4771 | D:6      | Noticed Dowan
  4775 | D:6      | Killed Dowan
  4793 | D:6      | Killed Duvessa
  5070 | D:6      | Gained mutation: You are somewhat resistant to further
                  | mutation. [potion of mutation]
  5070 | D:6      | Gained mutation: Your muscles are strong. (Str +4, Int/Dex
                  | -1) [potion of mutation]
  5231 | D:6      | Killed Crazy Yiuf
  5330 | D:7      | Reached XP level 9. HP: 52/62 MP: 9/9
  6100 | D:8      | Noticed a purple ugly thing
  6111 | D:8      | Killed a purple ugly thing
  6232 | D:8      | Reached **** piety under Hepliaklqana
  7220 | D:9      | Gained mutation: You are partially covered in yellow
                  | scales. (AC +2) [demonic ancestry]
  7220 | D:9      | Reached XP level 10. HP: 43/71 MP: 10/10
  7561 | D:9      | Noticed a two-headed ogre
  7563 | D:9      | Noticed a deep elf pyromancer
  7586 | D:9      | Noticed a four-headed hydra
  7591 | D:9      | Killed from afar by a deep elf pyromancer

Illustrated notes

Levels and vault maps discovered:
D:1:      lemuel_arrival_funnel, layout_basic
D:2:      minmay_alternating_diamond, layout_basic, basic_altar
D:3:      layout_basic, xom_redecorated, serial_shops,
          nicolae_shop_back_alley_shop
D:4:      layout_basic, minmay_temple_entry_offerings
D:5:      layout_basic, nicolae_ashenzari_skybound, zin_statuary, minitemple
D:6:      layout_cave_pools, uniq_eustachio, uniq_duvessa,
          uniq_crazy_yiuf_cottage
D:7:      layout_rooms
D:8:      layout_basic
D:9:      minmay_distorted_concentric_squares, layout_loops_ring,
          kennysheep_orc_monster_closet_entryway

Skill      XL: |  1  2  3  4  5  6  7  8  9 10 |
---------------+-------------------------------+-----
Stealth        | 1 2 3 4 5 7 |  7.4
Dodging        | 2 3 4 5 6 7 |  7.0
Ranged Weapons | 4 5 6 7 |  7.7
Fighting       | 3 4 5 6 7 |  7.7

Action                     |  1- 3 |  4- 6 |  7- 9 | 10-12 || total
---------------------------+-------+-------+-------+-------++-------
   Fire: Shortbow          |   107 |   135 |   290 |    31 ||   563
 Invoke: Ancestor Identity |       |     2 |       |       ||     2
         Ancestor Life: Kn |       |     1 |       |       ||     1
    Use: Scroll            |       |    10 |     7 |     5 ||    22
         Potion            |       |       |     4 |       ||     4
 Armour: Leather armour    |    23 |     7 |    21 |    11 ||    62
  Dodge: Dodged            |    29 |    24 |    89 |    39 ||   181
  Block: Other             |       |     1 |    21 |     3 ||    25
